 Dungeon Crawl Stone Soup version 0.29.0 (webtiles) character file.

Game seed: 4555579120302500935

1402 XZede the Cleaver (level 8, 0/74 HPs)
             Began as a Minotaur Berserker on Aug 29, 2022.
             Was a Priest of Trog.
             Killed by divine providence
             ... invoked by an orc priest
              (16 damage)
             ... on level 6 of the Dungeon on Aug 30, 2022.
             The game lasted 00:28:01 (6772 turns).

XZede the Cleaver (Minotaur Berserker)              Turns: 6772, Time: 00:28:01

Health: 0/74       AC:  9    Str: 25    XL:     8   Next: 42%
Magic:  7/7        EV: 12    Int:  8    God:    Trog [***...]
Gold:   298        SH:  0    Dex: 21    Spells: 7/7 levels left

rFire   . . .      SeeInvis +   a - +1 hand axe
rCold   . . .      Faith    .   (no shield)
rNeg    + + .      Spirit   .   o - +3 ring mail {Will+}
rPois   +          Reflect  .   (helmet restricted)
rElec   .          Harm     .   y - +0 cloak "Cuijyt" {rN++ Will- SInv Stlth+}
rCorr   .          Rampage  .   (no gloves)
Will    .....                   (no boots)
Stlth   ++........              (no amulet)
HPRegen 0.22/turn               j - +6 ring of dexterity
MPRegen 0.10/turn               l - ring of the Dripping Gods {rPois Int+4 Dex+6}

@: on berserk cooldown, slowed, invisible, very slow
A: horns 2, retaliatory headbutt
a: Renounce Religion, Berserk, Trog's Hand


You were on level 6 of the Dungeon.
You worshipped Trog.
Trog was most pleased with you.
You visited 1 branch of the dungeon, and saw 6 of its levels.
You also visited: Ossuary.

You collected 298 gold pieces.

Inventory:

Hand Weapons
 a - a +1 hand axe (weapon)
 k - a +0 sling
Missiles
 e - 72 stones (quivered)
 h - 2 throwing nets
Armour
 o - a +3 ring mail of willpower (worn)
 y - the +0 cloak "Cuijyt" (worn) {rN++ Will- SInv Stlth+}
   (You found it on level 5 of the Dungeon)

   rN:        It greatly protects you from negative energy.
   SInv:      It lets you see invisible.
   Will:      It decreases your willpower.
   Stlth:     It makes you more stealthy.
Jewellery
 j - a +6 ring of dexterity (left hand)
 l - the ring of the Dripping Gods (right hand) {rPois Int+4 Dex+6}
   (You found it on level 2 of the Dungeon)

   [ring of poison resistance]

   Int:       It affects your intelligence (+4).
   Dex:       It affects your dexterity (+6).
   rPois:     It protects you from poison.
Wands
 d - a wand of digging (9)
 m - a wand of quicksilver (8)
 q - a wand of paralysis (9)
Scrolls
 b - 3 scrolls of teleportation
 f - a scroll of vulnerability {unknown}
 p - 3 scrolls of enchant weapon
 s - a scroll of blinking {unknown}
 x - a scroll of brand weapon {unknown}
 B - a scroll of magic mapping
Potions
 c - a potion of lignification {unknown}
 g - 3 potions of cancellation
 i - a potion of flight
 n - 6 potions of curing
 r - 3 potions of haste
 t - a potion of degeneration {unknown}
 u - 2 potions of brilliance
 v - 2 potions of invisibility
 w - a potion of might {unknown}
 z - a potion of berserk rage {unknown}
 A - a potion of heal wounds {unknown}


   Skills:
 + Level 8.0 Fighting
 * Level 10.8 Axes
 - Level 2.4 Armour
 - Level 2.1 Dodging


You had 7 spell levels left.
You didn't know any spells.
Your spell library was empty.

Dungeon Overview and Level Annotations

Branches:
Dungeon (6/15)            Ossuary (visited)
 Temple: D:4-7

Altars:
Cheibriados
Dithmenos
Qazlal

Shops:
D:4 *


Innate Abilities, Weirdness & Mutations

You have a pair of horns on your head.
You reflexively headbutt those who attack you in melee.


Message History

You kill the sky beast!
Trog accepts your kill.
The centaur shoots an arrow.
The arrow hits you!
The boulder beetle curls into a ball and begins rolling!
The centaur shoots an arrow.
The arrow completely misses you.
The centaur shoots an arrow.
The arrow hits you!
You see here a sky beast corpse.
The centaur unwields a +0 shortbow.
The centaur hits you. The centaur misses you. The centaur barely misses you.
The centaur kicks you but does no damage.
The boulder beetle completely misses you.
The boulder beetle stops rolling and uncurls.
You slash the centaur! You headbutt the centaur!
The centaur is severely wounded.
You hit the boulder beetle.
You feel the effects of Trog's Hand fading.
The centaur hits you.
The centaur kicks you but does no damage.
The centaur hits you but does no damage.
The centaur completely misses you. The boulder beetle bites you!
* * * LOW HITPOINT WARNING * * *
As you read the scroll of teleportation, it crumbles to dust.
You feel strangely unstable. The centaur hits you.
* * * LOW HITPOINT WARNING * * *
The centaur closely misses you.
The centaur hits you but does no damage.
The centaur barely misses you. The boulder beetle bites you!
* * * LOW HITPOINT WARNING * * *
You fade into invisibility!
Your surroundings suddenly seem different.
An orc priest, an orc wizard and 2 orcs come into view.
An orc wizard comes into view. It is wielding a +0 dagger.
Your skin stops crawling.
You feel less strong-willed.
The orc wizard shouts!
The orc shouts!
The orc wizard shouts!
The orc priest shouts!
The orc shouts!
The orc closely misses you.
The orc priest calls down the wrath of Beogh upon you.
Beogh smites you!
You die...

#.# #.#
#.# #.#
#.# #.#
#.###.###
#...@...#
#####o#.#
#....###
#.o.o..#
##.#oo.#
#.....#
#####.#
##


You could see an orc priest (unable to see you), 2 orc wizards and 2 orcs.

Vanquished Creatures
  Grinder (D:5)
  A water moccasin (D:5)
  A sky beast (D:6)
  A phantom (D:5)
  A bullfrog (D:6)
  A necrophage (D:4)
  2 scorpions (D:6)
  2 hounds
  4 orc priests (D:5)
  2 jellies
  7 iguanas
  Ijyb (D:3)
  2 orc wizards
  3 mummies (Ossuary)
  5 gnolls
  7 adders
  2 ufetubi
  2 adder zombies (Ossuary)
  2 worms
  2 dart slugs
  11 orcs
  5 endoplasms
  2 giant cockroaches
  A gnoll zombie (Ossuary)
  5 goblins
  5 hobgoblins
  2 jackals (D:2)
  7 kobolds
  5 quokkas
  8 ball pythons
  3 bats
  5 frilled lizards
  3 goblin zombies (Ossuary)
  4 hobgoblin zombies (Ossuary)
  4 kobold zombies (Ossuary)
  An orc zombie (Ossuary)
  A quokka zombie (Ossuary)
  3 rats
  2 rat zombies (Ossuary)
126 creatures vanquished.

Vanquished Creatures (others)
  42 plants
42 creatures vanquished.

Grand Total: 168 creatures vanquished

Notes
Turn   | Place    | Note
-------+----------+-------------------------------------------
     0 | D:1      | XZede the Minotaur Berserker began the quest for the Orb.
     0 | D:1      | Reached XP level 1. HP: 19/19 MP: 0/0
    17 | D:1      | Reached skill level 4 in Axes
    17 | D:1      | Reached XP level 2. HP: 10/27 MP: 1/1
  1046 | D:1      | Reached XP level 3. HP: 33/33 MP: 2/2
  1079 | D:1      | Found a faded altar of an unknown god.
  1681 | D:2      | Identified the ring of the Dripping Gods {rPois Int+4
                  | Dex+6}
  1737 | D:2      | Reached skill level 5 in Axes
  1919 | D:2      | Reached ** piety under Trog
  2407 | D:3      | Reached XP level 4. HP: 41/41 MP: 3/3
  3425 | D:3      | Noticed Ijyb
  3434 | D:3      | Killed Ijyb
  3435 | D:3      | Reached skill level 5 in Fighting
  3435 | D:3      | Reached skill level 6 in Axes
  3435 | D:3      | Reached XP level 5. HP: 36/48 MP: 4/4
  4052 | D:4      | Found a snail-covered altar of Cheibriados.
  4159 | D:4      | Reached skill level 7 in Axes
  4159 | D:4      | Reached XP level 6. HP: 47/56 MP: 5/5
  4261 | D:4      | Found a stormy altar of Qazlal.
  4348 | D:4      | Found Foxaut's General Store.
  4948 | D:5      | Entered Level 5 of the Dungeon
  5068 | D:5      | Found a sand-covered staircase.
  5099 | Ossuary  | Entered an ossuary
  5191 | Ossuary  | Reached skill level 8 in Axes
  5342 | D:5      | Noticed Grinder
  5347 | D:5      | Killed Grinder
  5348 | D:5      | Reached XP level 7. HP: 64/64 MP: 6/6
  5620 | D:5      | Reached skill level 9 in Axes
  5664 | D:5      | Identified the +0 cloak "Cuijyt" {rN++ Will- SInv Stlth+}
  5743 | D:5      | Reached *** piety under Trog
  5843 | D:5      | Found a shadowy altar of Dithmenos.
  6037 | D:5      | Reached XP level 8. HP: 73/73 MP: 7/7
  6357 | D:6      | Reached skill level 10 in Axes
  6741 | D:6      | Noticed a boulder beetle
  6772 | D:6      | Killed from afar by an orc priest

Illustrated notes

Levels and vault maps discovered:
D:1:      tarquinn_simple_flora_water_d, layout_basic, basic_ecumenical_altar,
          grunt_decor_junction, nicolae_kite_square_tiling_tiny, nrook_uturn
D:2:      layout_basic
D:3:      layout_loops_corners, minmay_misc_feat_rows, chequers_big_river,
          uniq_ijyb
D:4:      layout_rooms, mainiacjoe_overflow_catch_the_wave, serial_shops,
          nicolae_stop_n_shop_1, kennysheep_crisscross, grunt_tough_drop
D:5:      layout_gridville, nicolae_dithmenos_shadow_blocks,
          nicolae_ossuary_entry_false_entrances, uniq_grinder
D:6:      kennysheep_big_flooded_room, layout_basic

Skill      XL: |  1  2  3  4  5  6  7  8 |
---------------+-------------------------+-----
Axes           | 4 5 6 7 8 9 10 | 10.8
Fighting       | 4 5 6 7 8 |  8.0
Armour         | |  2.4
Dodging        | |  2.1

Action                   |  1- 3 |  4- 6 |  7- 9 || total
-------------------------+-------+-------+-------++-------
Melee: Hand axe          |    91 |   140 |    70 ||   301
       Headbutt          |    19 |    26 |    24 ||    69
       Punch             |       |     1 |       ||     1
Invok: Berserk           |       |     5 |     2 ||     7
       Trog's Hand       |       |     2 |     1 ||     3
  Use: Scroll            |       |    11 |     1 ||    12
       Potion            |       |       |     1 ||     1
 Stab: Sleeping          |       |     1 |     3 ||     4
Armor: Animal skin       |     5 |       |       ||     5
       Chain mail        |    39 |     8 |       ||    47
       Ring mail         |       |    36 |    24 ||    60
Dodge: Dodged            |    42 |    72 |    41 ||   155
